 Dungeon Crawl Stone Soup version 0.30-a0-354-g6b83867211 (webtiles) character file.

Game seed: 3616787566754593797

135 bande the Trooper (level 5, -1/33 HPs)
             Began as a Gargoyle Fighter on Nov 8, 2022.
             Killed by divine providence
             ... invoked by an orc priest
              (15 damage)
             ... on level 3 of the Dungeon.
             The game lasted 00:03:43 (1984 turns).

bande the Trooper (Gargoyle Fighter)                Turns: 1984, Time: 00:03:44

Health: -1/33      AC: 17    Str: 19    XL:     5   Next: 18%
Magic:  5/5        EV:  5    Int:  9    God:
Gold:   141        SH:  4    Dex: 11    Spells: 4/4 levels left

rFire   . . .      SeeInvis .    a - +0 war axe
rCold   + . .      Faith    .    c - +0 buckler
rNeg    + . .      Spirit   .    e - +0 plate armour
rPois   ∞          Reflect  .    (no helmet)
rElec   +          Harm     .    (no cloak)
rCorr   .          Rampage  .    f - +0 pair of gloves
Will    .....                    (no boots)
Stlth   ..........               (no amulet)
HPRegen 0.25/turn                k - ring of protection from cold
MPRegen 0.09/turn                (no ring)

@: no status effects
A: sickness immunity, AC +4, negative energy resistance 1, electricity
resistance, torment resistance 1, petrification resistance
a: no special abilities


You were on level 3 of the Dungeon.
You visited 1 branch of the dungeon, and saw 3 of its levels.

You collected 141 gold pieces.

Inventory:

Hand Weapons
 a - a +0 war axe (weapon)
Armour
 c - a +0 buckler (worn)
 e - a +0 plate armour (worn)
 f - a +0 pair of gloves (worn)
Jewellery
 i - a +6 ring of intelligence
 k - a ring of protection from cold (left hand)
Scrolls
 b - 4 scrolls of identify
 l - 2 scrolls of butterflies
 m - a scroll of silence {unknown}
 n - 2 scrolls of noise {unknown}
 o - a scroll of brand weapon {unknown}
 p - a scroll of poison {unknown}
Potions
 d - 2 potions of might
 g - a potion of haste
 h - a potion of curing {unknown}
 j - a potion of invisibility {unknown}


   Skills:
 + Level 4.2 Fighting
 + Level 3.2 Axes
 + Level 4.1 Armour
 + Level 3.8 Shields


You had 4 spell levels left.
You didn't know any spells.
Your spell library contained the following spells:

 Spells                   Type           Power      Damage    Failure   Level
 Anguish                  Hex/Necr       0%         N/A       100%        4
 Enfeeble                 Hex            0%         N/A       100%        7


Dungeon Overview and Level Annotations

Branches:
Dungeon (3/15)

Altars:


Innate Abilities, Weirdness & Mutations

You are immune to sickness and miasma.
Your stone body is resilient. (AC +4)
You are immune to poison.
You resist negative energy. (rN+)
You are resistant to electric shocks. (rElec)
You are resistant to unholy torment.
You are immune to petrification.


Message History

The ufetubus hits you but does no damage.
The ufetubus hits you.
The orc priest hits you but does no damage.
The orc barely misses you.
You slash the orc priest!
The orc priest is severely wounded.
You hit the ufetubus but do no damage.
The ufetubus hits you but does no damage. x4
The orc priest hits you with a +0 club. The orc hits you but does no damage.
Unknown command.
You barely miss the orc priest.
The orc priest is severely wounded.
You hit the ufetubus but do no damage.
The ufetubus hits you but does no damage. x2
The orc priest hits you but does no damage.
The orc hits you but does no damage. The ufetubus hits you.
The ufetubus hits you but does no damage.
You barely miss the orc priest.
The orc priest is severely wounded.
You barely miss the ufetubus.
The ufetubus hits you but does no damage. x2
The orc priest hits you but does no damage.
The orc completely misses you. You block the ufetubus's attack.
The ufetubus hits you but does no damage.
The orc hits you but does no damage.
The orc priest hits you but does no damage.
You closely miss the orc priest.
The orc priest is severely wounded.
You barely miss the ufetubus.
The ufetubus hits you but does no damage. x3
You block the ufetubus's attack.
The orc priest hits you but does no damage.
The orc hits you but does no damage.
You barely miss the orc priest.
The orc priest is severely wounded.
You hit the ufetubus but do no damage.
The ufetubus hits you but does no damage. x2
The orc priest calls down the wrath of Beogh upon you.
Beogh smites you!
You die...

#.# ###### #.
#.# #. #.# ##
#.# #.# . #.#
..( #.#
....o###.#.####
....boo@5†.....#
.....###.#.###+#
### #.#.# #.# #
#.# #.# #.# .#


You could see an orc priest, 2 orcs, an ufetubus and a bat.

Vanquished Creatures
  An orc priest (D:3)
  4 adders
  2 dart slugs
  4 orcs (D:3)
  5 endoplasms
  A giant cockroach (D:3)
  5 goblins
  5 hobgoblins (D:1)
  3 jackals (D:1)
  3 quokkas
  8 ball pythons
  5 bats
  7 kobolds
  10 rats
63 creatures vanquished.

Notes
Turn   | Place    | Note
-------+----------+-------------------------------------------
     0 | D:1      | bande the Gargoyle Fighter began the quest for the Orb.
     0 | D:1      | Reached XP level 1. HP: 14/14 MP: 1/1
    90 | D:1      | Reached XP level 2. HP: 19/19 MP: 2/2
   408 | D:1      | Reached XP level 3. HP: 17/24 MP: 3/3
  1217 | D:2      | Reached XP level 4. HP: 29/29 MP: 4/4
  1702 | D:3      | Reached XP level 5. HP: 30/33 MP: 5/5
  1984 | D:3      | Killed from afar by an orc priest

Illustrated notes

Levels and vault maps discovered:
D:1:      minmay_arrival_five_plusses, layout_basic
D:2:      layout_rooms, chequers_serial_rivers_small_b,
          nicolae_figureground_sparkle
D:3:      layout_basic, grunt_ministairs_1

Skill      XL: |  1  2  3  4 |
---------------+-------------+-----
Axes           | 2 3 |  3.2
Fighting       | 4 |  4.2
Armour         | 4 |  4.1
Shields        | |  3.8

Action                   |  1- 3 |  4- 6 || total
-------------------------+-------+-------++-------
Melee: War axe           |   124 |    68 ||   192
  Use: Scroll            |     5 |       ||     5
 Stab: Distracted        |       |     1 ||     1
Armor: Plate armour      |   112 |    84 ||   196
Dodge: Dodged            |    29 |    28 ||    57
Block: Buckler           |    34 |    14 ||    48

Table legend: (Time is in decaauts)
 A = Elapsed time spent in this place.
 B = Non-inter-level travel time spent in this place.
 C = Inter-level travel time spent in this place.
 D = Time resting spent in this place.
 E = Time spent auto-exploring this place.
 F = Levels seen in this place.
 G = Mean time per level.
                   A        B        C        D        E       F      G
               +--------+--------+--------+--------+--------+-----+--------+
         Total |   2065 |   2065 |      0 |    111 |   1380 |   3 |  688.3 |
       Dungeon |   2065 |   2065 |      0 |    111 |   1380 |   3 |  688.3 |
               +--------+--------+--------+--------+--------+-----+--------+

Top non-repeatable levels by time:
     D:1: 1067 daAuts
     D:2: 588 daAuts
     D:3: 410 daAuts
